[Event "Titled Tuesday Blitz December 06 Early 2022"]
[White "Chernomordik, Pavel"]
[Black "Nambiar, Vivek"]
[WhiteFideId "2804530"]
[BlackFideId "5005329"]
[WhiteElo "2193"]
[BlackElo "2117"]
[Result "1-0"]
[Round "02"]
[TimeControl "180+1"]
[Date "2022.12.07"]
[WhiteClock "0:01:09"]
[BlackClock "0:01:25"]

1. e4 e6 2. Nc3 d5 3. d4 Nf6 4. Bg5 Be7 5. e5 Nfd7 6. Bxe7 Qxe7 7. Nb5 Nb6 8. c3 O-O 9. f4 a6 10. Na3 c5 11. Nc2 f6 12. Nf3 cxd4 13. Ncxd4 fxe5 14. fxe5 Nc6 15. Bd3 Nc4 16. Qe2 Bd7 17. O-O b5 18. Rae1 Be8 19. b3 Nb6 20. Nxc6 Bxc6 21. Nd4 Bd7 22. Qh5 g6 23. Qg4 Kg7 24. h4 Rxf1+ 25. Rxf1 Rf8 26. Rxf8 Kxf8 27. h5 Kg7 28. hxg6 hxg6 29. Qxg6+ Kf8 30. Qh6+ Ke8 31. Qh8+ Qf8 32. Bg6+ Ke7 33. Qh4+ 1-0


[Site "https://www.chess.com"]

[Event "Titled Tuesday Blitz December 06 Early 2022"]
[White "Chernov, Mikhail"]
[Black "Daneshvar, Bardiya"]
[WhiteFideId "24143170"]
[BlackFideId "12576468"]
[WhiteElo "2113"]
[BlackElo "2429"]
[Result "0-1"]
[Round "02"]
[TimeControl "180+1"]
[Date "2022.12.07"]
[WhiteClock "0:00:08"]
[BlackClock "0:01:26"]

1. e4 Nf6 2. e5 Nd5 3. d4 d6 4. Bc4 Nb6 5. Bb3 dxe5 6. Qh5 e6 7. dxe5 Nc6 8. Nf3 g6 9. Qg4 h5 10. Qe4 Qe7 11. O-O Qb4 12. Qe2 Bd7 13. Nc3 O-O-O 14. a3 Qa5 15. Bd2 Qa6 16. Qe4 Ne7 17. Bg5 Re8 18. Bf6 Bc6 19. Qf4 Bh6 20. Qg3 Nf5 21. Qh3 Rhg8 22. Ng5 Bxg5 23. Bxg5 Nd7 24. Rfe1 Qb6 25. Rad1 Qc5 26. Bf6 Nxf6 27. exf6 Rd8 28. Rd3 Rxd3 29. Qxd3 Rd8 30. Qe2 Nd4 31. Qe3 Qf5 32. Rd1 Qxf6 33. Kh1 Nxb3 34. cxb3 Rxd1+ 35. Nxd1 Qf5 36. Qd4 Qd5 0-1


[Site "https://www.chess.com"]

[Event "Titled Tuesday Blitz December 06 Early 2022"]
[White "Chigaev, Maksim"]
[Black "Lamaze, Simon"]
[WhiteFideId "4108116"]
[BlackFideId "36069264"]
[WhiteElo "2542"]
[BlackElo "2272"]
[Result "1-0"]
[Round "02"]
[TimeControl "180+1"]
[Date "2022.12.06"]
[WhiteClock "0:01:46"]
[BlackClock "0:01:52"]

1. e4 c5 2. Nf3 d6 3. d4 cxd4 4. Nxd4 Nf6 5. Nc3 Nc6 6. g3 g6 7. Bg2 Bg7 8. Nxc6 bxc6 9. e5 dxe5 10. Qxd8+ Kxd8 11. Bxc6 Rb8 12. b3 Kc7 13. Bg2 Bb7 14. Bxb7 Kxb7 15. Bb2 Kc6 16. Ke2 e6 17. Rhd1 Nd5 18. Ne4 f5 19. c4 fxe4 20. cxd5+ exd5 21. Rac1+ Kd6 22. Ba3+ Ke6 23. Rc6+ Kf5 24. Rxd5 Rhd8 25. Rxd8 Rxd8 26. h3 h5 27. g4+ hxg4 28. hxg4+ Kg5 29. Be7+ 1-0


[Site "https://www.chess.com"]

[Event "Titled Tuesday Blitz December 06 Early 2022"]
[White "Ciuffoletti, Paolo"]
[Black "Zaragatski, Ilja"]
[WhiteFideId "807630"]
[BlackFideId "4655192"]
[WhiteElo "2143"]
[BlackElo "2460"]
[Result "1-0"]
[Round "02"]
[TimeControl "180+1"]
[Date "2022.12.07"]
[WhiteClock "0:01:26"]
[BlackClock "0:01:40"]

1. e4 d5 2. exd5 Qxd5 3. Nc3 Qd8 4. d4 Nf6 5. Nf3 Bf5 6. Bc4 e6 7. Nh4 Bg4 8. f3 Bh5 9. g4 Bg6 10. Ng2 c6 11. h4 h5 12. g5 Nd5 13. Nf4 Nxf4 14. Bxf4 Bd6 15. Qd2 Bxf4 16. Qxf4 Nd7 17. O-O-O Nb6 18. Bd3 Bxd3 19. Rxd3 g6 20. Ne4 Nd5 21. Qe5 b5 22. Qxh8+ 1-0


[Site "https://www.chess.com"]

[Event "Titled Tuesday Blitz December 06 Early 2022"]
[White "Clawitter, Craig"]
[Black "Kirillov, Dmitry"]
[WhiteFideId "2023105"]
[BlackFideId "34180572"]
[WhiteElo "2181"]
[BlackElo "2111"]
[Result "0-1"]
[Round "02"]
[TimeControl "180+1"]
[Date "2022.12.07"]
[WhiteClock "0:00:03"]
[BlackClock "0:00:15"]

1. e4 c6 2. d4 d5 3. e5 c5 4. dxc5 Nc6 5. Nf3 Bg4 6. c3 e6 7. Bb5 Bxf3 8. Qxf3 Bxc5 9. b4 Bb6 10. Qg3 Ne7 11. Bg5 Kf8 12. O-O Qc7 13. a4 Qxe5 14. Bf4 Qf6 15. a5 Bd8 16. a6 b6 17. Bd6 Kg8 18. Bxe7 Nxe7 19. Qd6 Nf5 20. Qc6 h6 21. Qxa8 Kh7 22. Qxa7 Nh4 23. Bd3+ g6 24. Re1 Kg7 25. Bf1 Qg5 26. Re3 Bf6 27. Rg3 Qf5 28. Qxb6 Be5 29. a7 g5 30. a8=Q Rxa8 31. Rxa8 Qxb1 0-1


[Site "https://www.chess.com"]

[Event "Titled Tuesday Blitz December 06 Early 2022"]
[White "Corrales Jimenez, Fidel"]
[Black "Manukyan, Sargis A."]
[WhiteFideId "3506690"]
[BlackFideId "13303970"]
[WhiteElo "2541"]
[BlackElo "2187"]
[Result "1-0"]
[Round "02"]
[TimeControl "180+1"]
[Date "2022.12.07"]
[WhiteClock "0:01:46"]
[BlackClock "0:01:04"]

1. e4 e6 2. d4 d5 3. e5 c5 4. c3 Nc6 5. Nf3 Nh6 6. Bxh6 gxh6 7. Bd3 Bg7 8. O-O cxd4 9. cxd4 f6 10. Nc3 fxe5 11. Nxe5 Nxe5 12. dxe5 Qh4 13. g3 Qh3 14. Bb5+ Bd7 15. Bxd7+ Kxd7 16. Nxd5 exd5 17. Qxd5+ Ke7 18. Qxb7+ Qd7 19. Qb4+ Kf7 20. Rfd1 Qf5 21. Qb7+ Kg6 22. Rd6+ Kh5 23. Qxg7 Qg5 24. Qf7+ Kg4 25. f3+ 1-0


[Site "https://www.chess.com"]

[Event "Titled Tuesday Blitz December 06 Early 2022"]
[White "Dardha, Daniel"]
[Black "Danielyan, Vahe"]
[WhiteFideId "240990"]
[BlackFideId "13304828"]
[WhiteElo "2528"]
[BlackElo "2423"]
[Result "1-0"]
[Round "02"]
[TimeControl "180+1"]
[Date "2022.12.06"]
[WhiteClock "0:00:15"]
[BlackClock "0:00:07"]

1. d4 d5 2. c4 dxc4 3. e4 e5 4. Nf3 exd4 5. Bxc4 Nc6 6. O-O Be6 7. Nbd2 Nf6 8. a3 Be7 9. b4 O-O 10. Qb3 Bxc4 11. Qxc4 Bd6 12. Bb2 Re8 13. Rfe1 Ng4 14. b5 Nge5 15. Nxe5 Nxe5 16. Qxd4 Qh4 17. h3 Rad8 18. Qc3 Qg5 19. Rad1 b6 20. a4 Qg6 21. Nc4 Nxc4 22. Qxc4 h6 23. Rd3 Bc5 24. Rd5 Rxd5 25. Qxd5 Qe6 26. Qxe6 Rxe6 27. Kf1 Rd6 28. Ke2 f6 29. Bc3 Kf7 30. Ra1 c6 31. Ra2 h5 32. Bd2 Ke6 33. Bf4 Rd4 34. bxc6 Rxe4+ 35. Kf3 Rc4 36. Re2+ Kf5 37. g4+ hxg4+ 38. hxg4+ Kg6 39. c7 Bb4 40. Re8 Rc3+ 41. Kg2 1-0


[Site "https://www.chess.com"]

[Event "Titled Tuesday Blitz December 06 Early 2022"]
[White "Darini, Pouria"]
[Black "Mika, Tomasz"]
[WhiteFideId "12502200"]
[BlackFideId "1132970"]
[WhiteElo "2482"]
[BlackElo "2179"]
[Result "1-0"]
[Round "02"]
[TimeControl "180+1"]
[Date "2022.12.07"]
[WhiteClock "0:00:14"]
[BlackClock "0:00:01"]

1. d4 d5 2. Nf3 Nf6 3. Bf4 c5 4. e3 Qb6 5. Nc3 cxd4 6. Nb5 Na6 7. exd4 Bd7 8. a4 e6 9. h3 Be7 10. Bd3 O-O 11. O-O Nb4 12. Be2 a6 13. Bc7 Qc6 14. Ne5 Qxc2 15. Nc3 Qxb2 16. Qe1 Rfc8 17. Rb1 Qa3 18. Ra1 Qb3 19. Rb1 Qc2 20. Rc1 Qf5 21. g4 Qg5 22. f4 Qh6 23. g5 Qxh3 24. Rf3 Qf5 25. gxf6 Bxf6 26. Bd6 Nc6 27. Nxd7 Nxd4 28. Nxf6+ gxf6 29. Rg3+ Kh8 30. Bd3 Qh5 31. Be7 Nf3+ 32. Rxf3 Qxf3 33. Bxf6+ Kg8 34. Bxh7+ Kxh7 35. Qh4+ Kg6 36. Qg5+ 1-0


[Site "https://www.chess.com"]

[Event "Titled Tuesday Blitz December 06 Early 2022"]
[White "De Arruda, Leandro Formes"]
[Black "Lehtosaari, Mauri"]
[WhiteFideId "22722009"]
[BlackFideId "501999"]
[WhiteElo "1880"]
[BlackElo "2504"]
[Result "1/2-1/2"]
[Round "02"]
[TimeControl "180+1"]
[Date "2022.12.07"]
[WhiteClock "0:00:31"]
[BlackClock "0:00:08"]

1. d4 d5 2. Nf3 Nf6 3. e3 Bg4 4. Be2 e6 5. Ne5 Bxe2 6. Qxe2 c6 7. O-O Nbd7 8. f4 Ne4 9. Nd2 Ndf6 10. c4 Bd6 11. cxd5 exd5 12. Nxe4 Nxe4 13. Qh5 Qe7 14. Qg4 f6 15. Qh5+ g6 16. Nxg6 Qf7 17. f5 Rg8 18. Nf4 Qxh5 19. Nxh5 Kf7 20. Nf4 Rg5 21. Ne6 Rh5 22. g3 Rg8 23. Rf3 Bxg3 24. hxg3 Nxg3 25. Nf4 Ne4+ 26. Kf1 Rh1+ 27. Ke2 Rgg1 28. Nd3 Rg2+ 29. Nf2 Rhg1 30. b3 Nc3+ 31. Kd3 Nd1 32. Ke2 Nc3+ 33. Kd2 Ne4+ 34. Ke2 Nc3+ 1/2-1/2


[Site "https://www.chess.com"]

[Event "Titled Tuesday Blitz December 06 Early 2022"]
[White "De Souza, Cristiano Gomes"]
[Black "Caruana, Fabiano"]
[WhiteFideId "2151758"]
[BlackFideId "2020009"]
[WhiteElo "2068"]
[BlackElo "2847"]
[Result "0-1"]
[Round "02"]
[TimeControl "180+1"]
[Date "2022.12.07"]
[WhiteClock "0:00:23"]
[BlackClock "0:02:05"]

1. d4 Nf6 2. c4 c5 3. d5 e5 4. Nc3 d6 5. e4 Be7 6. Be2 O-O 7. Nf3 Nbd7 8. O-O Re8 9. h3 Nf8 10. Ne1 Ng6 11. Nd3 h6 12. Be3 Nh7 13. Rc1 Bg5 14. Qd2 Bd7 15. a3 b6 16. b4 Qf6 17. Bxg5 Nxg5 18. Bg4 Bxg4 19. hxg4 Nf4 20. Nxf4 exf4 21. f3 Rac8 22. Nb5 Re7 23. bxc5 Rxc5 24. Qd4 Re5 25. Nxa7 h5 26. gxh5 Nh3+ 27. Kh2 Qh4 28. gxh3 Qg3+ 0-1


[Site "https://www.chess.com"]

[Event "Titled Tuesday Blitz December 06 Early 2022"]
[White "Demin, Vladimir"]
[Black "Gabuzyan, Hovhannes"]
[WhiteFideId "4167457"]
[BlackFideId "13303732"]
[WhiteElo "2562"]
[BlackElo "2486"]
[Result "0-1"]
[Round "02"]
[TimeControl "180+1"]
[Date "2022.12.07"]
[WhiteClock "0:01:11"]
[BlackClock "0:00:54"]

1. e4 c5 2. Nf3 Nc6 3. c3 Nf6 4. e5 Nd5 5. d4 cxd4 6. cxd4 d6 7. Bc4 Nb6 8. Bb5 dxe5 9. Nxe5 Bd7 10. Nc3 e6 11. O-O Nxe5 12. dxe5 Bxb5 13. Nxb5 Nd5 14. Nc3 Nxc3 15. bxc3 Qxd1 16. Rxd1 Rc8 17. Be3 Bc5 18. Rab1 Bxe3 19. fxe3 b6 20. Rd3 Ke7 21. Rb4 Rc7 22. Kf2 Rhc8 23. Rg4 g6 24. Ra4 a5 25. Ra3 Rc5 26. Rd6 Rxc3 27. Rxc3 Rxc3 28. Rxb6 Rc2+ 29. Kf3 Rxa2 30. Rb7+ Kf8 31. Ra7 Kg7 32. h4 g5 33. hxg5 Kg6 34. Kg4 Ra4+ 35. Kf3 Ra1 36. Kg4 a4 37. g3 a3 38. Ra6 a2 39. Ra7 Re1 40. Rxa2 Rxe3 41. Kf4 Re1 42. Rf2 Ra1 43. Kg4 Ra4+ 44. Rf4 Ra1 45. Rf6+ Kg7 46. Kf4 Rf1+ 47. Kg4 Rxf6 48. gxf6+ Kg6 49. Kf4 h5 50. Kf3 Kf5 51. Kg2 Kxe5 52. Kh3 Kxf6 0-1


[Site "https://www.chess.com"]

[Event "Titled Tuesday Blitz December 06 Early 2022"]
[White "Donskov, Anatoly"]
[Black "Mladenovic, Stefan"]
[WhiteFideId "24143413"]
[BlackFideId "942227"]
[WhiteElo "2219"]
[BlackElo "2318"]
[Result "1-0"]
[Round "02"]
[TimeControl "180+1"]
[Date "2022.12.07"]
[WhiteClock "0:00:08"]
[BlackClock "0:00:03"]

1. e4 c5 2. Nf3 d6 3. d4 cxd4 4. Nxd4 Nf6 5. Nc3 g6 6. Be3 Bg7 7. f3 O-O 8. Bc4 Nc6 9. Qd2 Bd7 10. h4 Na5 11. Bb3 b5 12. h5 Nc4 13. Bxc4 bxc4 14. Bh6 Rb8 15. Bxg7 Kxg7 16. hxg6 fxg6 17. Qh6+ Kg8 18. Nd5 Rf7 19. Nxf6+ exf6 20. O-O-O Qb6 21. b3 Qa5 22. Kb1 Rb6 23. Qc1 c3 24. Rd3 Ra6 25. a3 f5 26. exf5 Bxf5 27. Nxf5 Rxf5 28. Ka2 Rb5 29. g4 Qc7 30. Re1 Kf7 31. Rde3 Re5 32. f4 Rxe3 33. Qxe3 Rxa3+ 34. Kb1 Qd7 35. Qxc3 Ra6 36. Qc4+ d5 37. Qxa6 Qxg4 38. Qd3 Qd7 39. Qe3 a5 40. Kb2 a4 41. Qd4 axb3 42. cxb3 h5 43. Re5 Qg4 44. Qxd5+ Kg7 45. Qb7+ Kh6 46. Qe4 Qg1 47. Re8 Qf2+ 48. Kc3 Qc5+ 49. Kd3 Qb5+ 50. Kd4 Qb6+ 51. Kc3 Qc5+ 52. Kb2 Qf2+ 53. Qc2 Qd4+ 54. Qc3 Qf2+ 55. Qc2 Qd4+ 56. Kc1 Qg1+ 57. Kd2 Qf2+ 58. Re2 Qd4+ 59. Kc1 Qa1+ 60. Kd2 Qd4+ 61. Qd3 Qb2+ 62. Ke3 Qc1+ 63. Kf3 Qf1+ 64. Ke4 Qh1+ 65. Ke5 Qb7 66. f5 Qe7+ 67. Kd4 Qd6+ 68. Kc3 Qc5+ 69. Qc4 Qxf5 70. Qe4 Qf6+ 71. Qe5 Qc6+ 72. Kb2 Qa8 73. Qf4+ Kg7 74. Re7+ Kg8 75. Qf7+ Kh8 76. Qg7# 1-0


[Site "https://www.chess.com"]

[Event "Titled Tuesday Blitz December 06 Early 2022"]
[White "Durarbayli, Vasif"]
[Black "Liang, Justin"]
[WhiteFideId "13402935"]
[BlackFideId "2099942"]
[WhiteElo "2576"]
[BlackElo "2620"]
[Result "1-0"]
[Round "02"]
[TimeControl "180+1"]
[Date "2022.12.06"]
[WhiteClock "0:00:09"]
[BlackClock "0:00:08"]

1. e4 c5 2. Nf3 e6 3. d4 cxd4 4. Nxd4 a6 5. a3 Nf6 6. Bd3 Qc7 7. Qe2 b5 8. O-O Bb7 9. a4 b4 10. c4 d6 11. a5 Nc6 12. Nxc6 Bxc6 13. Nd2 Be7 14. Nf3 Nd7 15. Bd2 Rb8 16. b3 Ne5 17. Nxe5 dxe5 18. Be3 Qb7 19. Bb6 Bd8 20. c5 Ra8 21. f3 O-O 22. Rfd1 Bc7 23. Bc4 Rfd8 24. Rxd8+ Bxd8 25. Rd1 Bxb6 26. cxb6 Qe7 27. Qe3 h6 28. Bf1 Bb7 29. Rc1 Rc8 30. Rxc8+ Bxc8 31. Qc1 Bb7 32. Kf2 Qd6 33. Qc4 Kf8 34. Ke3 Ke7 35. Be2 f5 36. g3 g5 37. exf5 exf5 38. Kf2 f4 39. Qg8 Qd4+ 40. Kf1 fxg3 41. Qg7+ Kd6 42. Qf8+ Ke6 43. hxg3 Bc6 44. Bc4+ Kd7 45. Qf7+ Kd6 46. Qc7+ Kc5 47. Qe7+ Qd6 48. Qxd6+ Kxd6 49. Bxa6 Bxf3 50. Bc4 Kc5 51. Kf2 Bb7 52. a6 Bxa6 53. Bxa6 Kxb6 54. Bc4 Kc5 55. g4 Kd4 56. Kf3 e4+ 57. Ke2 e3 58. Kf3 Ke5 59. Kxe3 h5 60. gxh5 Kf5 61. Be2 g4 62. Bxg4+ Kxg4 63. h6 1-0


[Site "https://www.chess.com"]

[Event "Titled Tuesday Blitz December 06 Early 2022"]
[White "Erzhanov, Arman"]
[Black "Rustemov, Alexander"]
[WhiteFideId "4138821"]
[BlackFideId "4119002"]
[WhiteElo "2176"]
[BlackElo "2807"]
[Result "1/2-1/2"]
[Round "02"]
[TimeControl "180+1"]
[Date "2022.12.07"]
[WhiteClock "0:00:08"]
[BlackClock "0:00:08"]

1. e4 e6 2. d4 d5 3. Nd2 dxe4 4. Nxe4 Bd7 5. Nf3 Bc6 6. Bd3 Nd7 7. O-O Ngf6 8. Ng3 Be7 9. c3 O-O 10. Re1 b6 11. Bf4 Bb7 12. Qe2 c5 13. Rad1 Bxf3 14. Qxf3 cxd4 15. cxd4 Nd5 16. Bc1 N7f6 17. a3 Qd7 18. Ne4 Rfd8 19. Ng5 h6 20. Ne4 Rac8 21. Nd2 b5 22. Qh3 b4 23. Nc4 bxa3 24. bxa3 Bf8 25. Ne5 Qb7 26. g4 g6 27. Bxh6 Bxh6 28. Qxh6 Qe7 29. h4 Qf8 30. Qg5 Qg7 31. Rc1 Nh7 32. Qd2 Qf6 33. Qh6 Rxc1 34. Rxc1 Qf4 35. Qxf4 Nxf4 36. Bf1 Rxd4 37. Rc8+ Nf8 38. h5 gxh5 39. gxh5 Nxh5 40. Rc7 f6 41. Nf3 Rg4+ 42. Kh2 Rg7 43. Rxg7+ Kxg7 44. Nd4 Nf4 45. Nc6 Nd7 46. Nxa7 Nc5 47. Nc6 f5 48. Kg3 Nd5 49. f4 Kf6 50. Bc4 Ne3 51. Bb5 Ne4+ 52. Kf3 Nd5 53. a4 Ndc3 54. Nd8 Nc5 55. Nc6 N5xa4 56. Bxa4 Nxa4 57. Ne5 Nc5 58. Nc6 Nd7 59. Nb4 Ke7 60. Nc2 Kd6 61. Ne3 Kc5 62. Ng2 Kd4 63. Nh4 Kd3 64. Ng6 Nc5 65. Nf8 Kc4 66. Ng6 Kd5 67. Ke3 Na4 68. Ne7+ Kd6 69. Ng6 Nc3 70. Ne5 Nd5+ 71. Kf3 Kc5 72. Nd3+ Kd4 73. Ne5 Nb4 74. Ng6 Nc2 75. Nf8 Kd5 76. Ng6 Nd4+ 77. Ke3 Nc6 78. Nf8 Ne7 79. Nh7 Ng6 80. Nf6+ Kd6 81. Nh5 Ne7 82. Ng3 Nd5+ 83. Kf3 Ke7 84. Ne2 Kf6 85. Nd4 Ne7 86. Nb5 Nc6 87. Nd6 Ke7 88. Nc4 Kd7 89. Ke3 Kc7 90. Kf3 Ne7 91. Ke3 Kc6 92. Kd4 Ng6 93. Ke3 Kd5 94. Nb6+ Kc5 95. Nd7+ Kd6 96. Nb6 Ne7 97. Nc4+ Kc5 98. Ne5 Nd5+ 99. Kf3 Kd4 100. Nc6+ Kd3 101. Ne5+ Kd2 102. Nc4+ Ke1 103. Ne5 Kf1 104. Ng6 Nc7 105. Nf8 Ke1 106. Ke3 Kd1 1/2-1/2


[Site "https://www.chess.com"]

[Event "Titled Tuesday Blitz December 06 Early 2022"]
[White "Eynullayev, Atilla"]
[Black "Gatterer, Florian"]
[WhiteFideId "13413570"]
[BlackFideId "811688"]
[WhiteElo "2181"]
[BlackElo "2218"]
[Result "0-1"]
[Round "02"]
[TimeControl "180+1"]
[Date "2022.12.07"]
[WhiteClock "0:00:39"]
[BlackClock "0:01:13"]

1. e4 c6 2. Nf3 d5 3. Nc3 Bg4 4. h3 Bxf3 5. Qxf3 e6 6. Be2 Nd7 7. O-O Bc5 8. exd5 cxd5 9. Rd1 Ne7 10. d4 Bd6 11. Nb5 Bb8 12. Bf4 O-O 13. a4 a6 14. Na3 Bxf4 15. Qxf4 Nc6 16. c3 Nf6 17. Nc2 Rc8 18. Bd3 Qc7 19. Qg5 h6 20. Qe3 Nh5 21. g3 Nf6 22. Ne1 Na5 23. Nf3 Nd7 24. Re1 Rfe8 25. Re2 Nc4 26. Qc1 b5 27. axb5 axb5 28. Qd1 Ra8 29. Rxa8 Rxa8 30. b3 Nd6 31. Rc2 Ra3 32. Rc1 Qa7 33. Ne5 Nxe5 34. dxe5 Ra2 35. Qe1 Ne4 36. Bxe4 dxe4 37. Rd1 g6 38. c4 bxc4 39. bxc4 Kg7 40. Rc1 Qc5 41. Qxe4 Qxf2+ 42. Kh1 Qh2# 0-1


[Site "https://www.chess.com"]

[Event "Titled Tuesday Blitz December 06 Early 2022"]
[White "Fabris, Alberto"]
[Black "Ilkhomi, Jaloliddin"]
[WhiteFideId "801348"]
[BlackFideId "14700948"]
[WhiteElo "2170"]
[BlackElo "2045"]
[Result "0-1"]
[Round "02"]
[TimeControl "180+1"]
[Date "2022.12.07"]
[WhiteClock "0:01:09"]
[BlackClock "0:02:02"]

1. d4 Nf6 2. Nf3 e6 3. Bf4 b6 4. e3 Bb7 5. Bd3 Be7 6. O-O d6 7. Nbd2 Nbd7 8. e4 c5 9. c3 Qc7 10. e5 dxe5 11. Nxe5 Nxe5 12. Bxe5 Bd6 13. Nf3 O-O-O 14. Qe2 Kb8 15. Bxd6 Rxd6 16. Rad1 Rhd8 17. dxc5 Qxc5 18. Nd4 Qg5 19. f3 Nd5 20. h4 Qxh4 21. Qf2 Qg5 22. Ne2 Ne3 23. f4 Nxd1 0-1


[Site "https://www.chess.com"]

[Event "Titled Tuesday Blitz December 06 Early 2022"]
[White "Farmani Anosheh, Armin"]
[Black "Boyer, Mahel"]
[WhiteFideId "24613240"]
[BlackFideId "45102422"]
[WhiteElo "2289"]
[BlackElo "2455"]
[Result "0-1"]
[Round "02"]
[TimeControl "180+1"]
[Date "2022.12.07"]
[WhiteClock "0:00:03"]
[BlackClock "0:00:18"]

1. e4 Nc6 2. Nf3 d5 3. exd5 Qxd5 4. Nc3 Qh5 5. Be2 Bg4 6. h3 O-O-O 7. O-O Bxh3 8. gxh3 Qxh3 9. Ng5 Qh4 10. Nxf7 Nh6 11. Nxd8 e6 12. d3 Bd6 13. f4 Qg3+ 14. Kh1 Qh3+ 15. Kg1 Qg3+ 16. Kh1 Qh3+ 17. Kg1 Bc5+ 18. d4 Bxd4+ 19. Rf2 Qg3+ 20. Kh1 Bxf2 21. Qf1 Qh4+ 22. Kg2 Qg3+ 23. Kh1 Rxd8 24. Ne4 Qh4+ 25. Kg2 Bb6 26. c3 Nf5 27. Qf3 g5 28. Nxg5 h6 29. Bc4 hxg5 30. Bxe6+ Kb8 31. Bxf5 g4 32. Qg3 Qe7 33. Bxg4 Rg8 34. Bd2 Qe4+ 35. Kh2 Bf2 36. Qxf2 Rxg4 37. f5 Ne5 38. Qe3 Qg2# 0-1


[Site "https://www.chess.com"]

[Event "Titled Tuesday Blitz December 06 Early 2022"]
[White "Fiedorek, Michal"]
[Black "Liu, Xiangyi"]
[WhiteFideId "1199528"]
[BlackFideId "8605718"]
[WhiteElo "2201"]
[BlackElo "2323"]
[Result "0-1"]
[Round "02"]
[TimeControl "180+1"]
[Date "2022.12.07"]
[WhiteClock "0:00:01"]
[BlackClock "0:00:14"]

1. e4 c5 2. Nf3 e6 3. c3 d5 4. exd5 Qxd5 5. d4 Nc6 6. Na3 cxd4 7. Nb5 Qd8 8. cxd4 Nf6 9. Bd3 Bb4+ 10. Bd2 O-O 11. O-O a6 12. Bxb4 Nxb4 13. Nc3 b5 14. Ne5 Bb7 15. a3 Nbd5 16. Qd2 Nxc3 17. bxc3 Qd5 18. f3 Rac8 19. Rac1 Qb3 20. f4 Ne4 21. Bxe4 Bxe4 22. Nd7 Rfd8 23. Qe2 Bxg2 24. Qxg2 Rxd7 25. f5 exf5 26. Rxf5 g6 27. Re5 Rxc3 28. Rce1 Qc4 29. d5 Rc2 30. Qg3 Rxd5 31. Re8+ Kg7 32. R8e4 Qc5+ 33. Kh1 Qf2 34. Qh3 Rdd2 35. Re7 Qxh2+ 0-1


[Site "https://www.chess.com"]

[Event "Titled Tuesday Blitz December 06 Early 2022"]
[White "Gabdrakhmanov, Azat"]
[Black "Rosenberg, Evan S"]
[WhiteFideId "34189197"]
[BlackFideId "2019299"]
[WhiteElo "2254"]
[BlackElo "2367"]
[Result "1-0"]
[Round "02"]
[TimeControl "180+1"]
[Date "2022.12.07"]
[WhiteClock "0:01:38"]
[BlackClock "0:00:28"]

1. e4 e5 2. Nf3 Nc6 3. Bb5 Nf6 4. d3 Ne7 5. O-O c6 6. Ba4 Ng6 7. c3 Be7 8. Nbd2 O-O 9. d4 exd4 10. cxd4 d5 11. e5 Ne4 12. Re1 Nxd2 13. Bxd2 Bf5 14. Bc2 Qd7 15. Bxf5 Qxf5 16. Qb3 Rab8 17. h3 Rfe8 18. Rac1 h6 19. Re2 Nf4 20. Bxf4 Qxf4 21. Rce1 Bf8 22. a3 Re6 23. g3 Qf5 24. Kg2 b6 25. Nh4 Qh5 26. f4 g6 27. Nf3 g5 28. g4 1-0


[Site "https://www.chess.com"]

[Event "Titled Tuesday Blitz December 06 Early 2022"]
[White "Gheorghiu, Calin"]
[Black "Bok, Benjamin"]
[WhiteFideId "1200305"]
[BlackFideId "1017063"]
[WhiteElo "2224"]
[BlackElo "2658"]
[Result "0-1"]
[Round "02"]
[TimeControl "180+1"]
[Date "2022.12.07"]
[WhiteClock "0:00:21"]
[BlackClock "0:01:47"]

1. e4 c5 2. Nf3 d6 3. d4 cxd4 4. Nxd4 Nf6 5. Nc3 a6 6. f3 e5 7. Nb3 Be6 8. Be3 Be7 9. Qd2 O-O 10. g4 d5 11. g5 d4 12. gxf6 Bxf6 13. Bf2 Bg5 14. Qd3 dxc3 15. Qxc3 Nc6 16. h4 Bh6 17. Nc5 Rc8 18. Nxe6 fxe6 19. Qb3 Qf6 20. Rh3 Nd4 21. Bxd4 exd4 22. Bc4 Rc6 23. a4 Qg6 24. Kf1 Be3 25. Ke1 Qg1+ 26. Bf1 Qf2+ 0-1


[Site "https://www.chess.com"]

[Event "Titled Tuesday Blitz December 06 Early 2022"]
[White "Ghosh, Chanchal Kumer"]
[Black "Olenik Campa, Rudi"]
[WhiteFideId "10201858"]
[BlackFideId "14633264"]
[WhiteElo "2058"]
[BlackElo "2131"]
[Result "1-0"]
[Round "02"]
[TimeControl "180+1"]
[Date "2022.12.07"]
[WhiteClock "0:01:31"]
[BlackClock "0:00:14"]

1. e4 c5 2. Nf3 Nc6 3. d4 cxd4 4. Nxd4 Nf6 5. Nc3 e5 6. Ndb5 d6 7. Bg5 a6 8. Na3 b5 9. Nd5 Be7 10. Bxf6 Bxf6 11. c3 O-O 12. Be2 Be6 13. Nc2 Bxd5 14. Qxd5 Ne7 15. Qd2 d5 16. exd5 Qxd5 17. Qxd5 Nxd5 18. Bf3 Rad8 19. Bxd5 Rxd5 20. Rd1 Rxd1+ 21. Kxd1 Rd8+ 22. Ke2 e4 23. Rd1 Rxd1 24. Kxd1 Be5 25. h3 f5 26. Ke2 Kf7 27. Ke3 Ke6 28. Nb4 a5 29. Nc6 a4 30. Nd4+ Bxd4+ 31. Kxd4 g5 32. c4 bxc4 33. Kxc4 Ke5 34. b4 axb3 35. axb3 h5 36. b4 g4 37. hxg4 fxg4 38. g3 h4 39. gxh4 Kf4 40. b5 e3 41. fxe3+ Ke5 42. Kd3 g3 43. Ke2 1-0


[Site "https://www.chess.com"]

[Event "Titled Tuesday Blitz December 06 Early 2022"]
[White "Golubev, Mikhail"]
[Black "Holt, Conrad"]
[WhiteFideId "14100983"]
[BlackFideId "2034387"]
[WhiteElo "2374"]
[BlackElo "2592"]
[Result "1-0"]
[Round "02"]
[TimeControl "180+1"]
[Date "2022.12.06"]
[WhiteClock "0:00:18"]
[BlackClock "0:00:03"]

1. e4 e6 2. d4 d5 3. Nc3 Nf6 4. Bg5 dxe4 5. Nxe4 Be7 6. Nxf6+ Bxf6 7. Bxf6 Qxf6 8. Qd2 c5 9. O-O-O Qxd4 10. Qxd4 cxd4 11. Rxd4 Nc6 12. Rd2 Ke7 13. Nf3 Rd8 14. Rxd8 Nxd8 15. Bd3 Bd7 16. Ne5 Be8 17. Rd1 f6 18. Nc4 Nc6 19. Be4 Bh5 20. Rd2 Rc8 21. Nd6 Rc7 22. Nxb7 Nb4 23. a3 Na6 24. Na5 Nc5 25. Bc6 Bg6 26. f3 e5 27. b4 Ne6 28. c3 Nd8 29. b5 Ne6 30. Nb3 Nf4 31. Nc5 Be8 32. Na6 Rc8 33. Bxe8 Kxe8 34. Kc2 Ke7 35. Nb4 Ke6 36. Nc6 Rc7 37. a4 g5 38. c4 h5 39. g3 Nh3 40. Kc3 Ng1 41. c5 Nxf3 42. Rd6+ Kf5 43. b6 axb6 44. cxb6 Rh7 45. a5 Nxh2 46. a6 h4 47. g4+ Nxg4 48. a7 h3 49. a8=Q h2 50. Ne7+ Kf4 51. Rd1 Nf2 52. Rf1 1-0


[Site "https://www.chess.com"]

[Event "Titled Tuesday Blitz December 06 Early 2022"]
[White "Gormally, Daniel W"]
[Black "D`Arruda, Ricardo D."]
[WhiteFideId "406465"]
[BlackFideId "100692"]
[WhiteElo "2553"]
[BlackElo "2465"]
[Result "1-0"]
[Round "02"]
[TimeControl "180+1"]
[Date "2022.12.07"]
[WhiteClock "0:00:53"]
[BlackClock "0:01:04"]

1. d4 Nf6 2. Bg5 e6 3. e4 Be7 4. e5 Nd5 5. Bxe7 Qxe7 6. Qd2 d6 7. Nf3 Nc6 8. c4 Nb6 9. exd6 cxd6 10. Be2 O-O 11. O-O Bd7 12. Nc3 Rfd8 13. Rfe1 Rac8 14. Rad1 a6 15. h3 Qf8 16. b3 Be8 17. Qf4 d5 18. c5 Nd7 19. Qe3 Nf6 20. Ne5 Nxe5 21. dxe5 Nd7 22. b4 Nb8 23. a3 Nc6 24. Qg3 f6 25. exf6 Qxf6 26. Bg4 Bf7 27. Na4 Rc7 28. Re3 Re7 29. f4 Nd4 30. Re5 Nf5 31. Bxf5 exf5 32. Nc3 Rxe5 33. fxe5 f4 34. exf6 fxg3 35. fxg7 Kxg7 36. Ne4 d4 37. Nxg3 Bg6 38. Ne2 d3 39. Nf4 d2 40. Ne6+ 1-0


[Site "https://www.chess.com"]